 Dungeon Crawl Stone Soup version 0.20-a0-870-g4070442 (webtiles) character file.

333 4thArraOfDagon the Insei (level 6, -1/43 HPs)
             Began as a Demonspawn Wanderer on Mar 13, 2017.
             Splashed by an acid dragon's acid (11 damage)
             ... on level 6 of the Dungeon.
             The game lasted 00:03:21 (949 turns).

4thArraOfDagon the Insei (Demonspawn Wanderer)       Turns: 949, Time: 00:03:21

Health: -1/43      AC:  2    Str: 10    XL:     6   Next: 27%
Magic:  7/7        EV:  8    Int: 16    God:
Gold:   110        SH:  0    Dex: 14    Spells: 7/7 levels left

rFire    . . .     SeeInvis .     - Unarmed
rCold    . . .     Gourm    .   e - +0 scale mail
rNeg     . . .     Faith    .   (no shield)
rPois    .         Spirit   .   (helmet restricted)
rElec    .         Reflect  .   (no cloak)
rCorr    .         Harm     .   (no gloves)
MR       .....                  (no boots)
Stlth    ..........             (no amulet)
Regen    0.2/turn               (no ring)
MPRegen  0.1/turn               (no ring)

@: corroded, flying
A: claws 2, horns 1, spiny 1
a: no special abilities


You were on level 6 of the Dungeon.
You were not hungry.

You visited 1 branch of the dungeon, and saw 7 of its levels.

You collected 110 gold pieces.

Inventory:

Hand Weapons
 a - a +3 hand crossbow
Missiles
 b - 20 bolts
Armour
 d - a +0 robe
 e - a +0 scale mail (worn)
Wands
 c - a wand of random effects (21/48)
Scrolls
 h - a scroll of teleportation {unknown}
 i - 2 scrolls of immolation
Comestibles
 f - 2 bread rations


   Skills:
 - Level 1.0 Fighting
 - Level 1.0 Crossbows
 - Level 1.0 Armour
 * Level 5.7 Unarmed Combat
 - Level 1.0 Spellcasting
   Level 3.6 Air Magic
 - Level 2.0 Evocations


You had 7 spell levels left.
You didn't know any spells.

Dungeon Overview and Level Annotations

Branches:
Dungeon (7/15)
 Temple: D:4-7

Altars:
Yredelemnul
The Shining One

Shops:
D:6 (

Annotations:
D:6 1 runed door


Innate Abilities, Weirdness & Mutations

You have very sharp fingernails.
You have a pair of small horns on your head.
You are partially covered in sharp spines.


Message History

b - 20 bolts (gained 1)
You now have 110 gold pieces (gained 19).
c - a wand of random effects (?/48)
An acid dragon comes into view.
The acid dragon roars!
Okay, then.
It was a potion of flight.
You feel very buoyant.
You fly up into the air.
As you read the scroll labeled JOUPOPT BITZOCW, it crumbles to dust.
The air around you briefly surges with heat, but it dissipates.
It was a scroll of immolation.
As you read the scroll labeled OSACAOXELO, it crumbles to dust.
It is a scroll of enchant weapon.
Your +2 hand crossbow glows red for a moment.
The acid dragon spits acid at you. The splash of acid hits you!
* * * LOW HITPOINT WARNING * * *
The acid corrodes you!
You are splashed with acid!
The acid burns!
You die...

##.....#
#..##..... #..#
##### ##.## #..#
#..# ##.## #..#
##.@# #..## #..#
........D#
...........
##.....##.......
##....##
#......D.#
##....#
#...##.... ....#
##..# ###.


You could see an acid dragon.

Vanquished Creatures
  Menkaure (D:5)
  A scorpion (D:6)
  A bullfrog zombie (D:6)
  A centaur zombie (D:6)
  A bullfrog skeleton (D:6)
  A worker ant (D:4)
  2 adders
  A shadow imp (D:6)
  An ooze (D:1)
  A worm (D:6)
  A dart slug (D:1)
  An orc (D:3)
  2 giant cockroaches
  A hobgoblin (D:3)
  A quokka (D:6)
  2 bats
  2 frilled lizards
  2 goblins
23 creatures vanquished.

Notes
Turn   | Place    | Note
-------+----------+-------------------------------------------
     0 | D:1      | 4thArraOfDagon the Demonspawn Wanderer began the quest for the Orb.
     0 | D:1      | 4thArraOfDagon set off with: a +2 hand crossbow, 24 bolts, a potion of curing, a +0 robe, a bread ration
     0 | D:1      | Reached XP level 1. HP: 15/15 MP: 2/2
   199 | D:1      | Reached skill level 1 in Unarmed Combat
   199 | D:1      | Gained mutation: You have a pair of small horns on your head. [demonic ancestry]
   199 | D:1      | Reached XP level 2. HP: 19/21 MP: 3/3
   504 | D:3      | Reached skill level 2 in Unarmed Combat
   563 | D:4      | Reached skill level 3 in Unarmed Combat
   563 | D:4      | Reached XP level 3. HP: 24/26 MP: 4/4
   611 | D:4      | Found a basalt altar of Yredelemnul.
   634 | D:5      | Entered Level 5 of the Dungeon
   669 | D:5      | Noticed Menkaure
   679 | D:5      | Killed Menkaure
   679 | D:5      | Reached skill level 4 in Unarmed Combat
   679 | D:5      | Gained mutation: You are partially covered in sharp spines. [demonic ancestry]
   679 | D:5      | Reached XP level 4. HP: 17/32 MP: 5/5
   679 | D:5      | Gained mutation: You have sharp fingernails. [demonic ancestry]
   679 | D:5      | Reached XP level 5. HP: 20/37 MP: 6/6
   747 | D:7      | Found a glowing golden altar of the Shining One.
   785 | D:6      | Reached skill level 5 in Unarmed Combat
   808 | D:6      | Found a runed door.
   859 | D:6      | Gained mutation: You have very sharp fingernails. [demonic ancestry]
   859 | D:6      | Reached XP level 6. HP: 15/43 MP: 7/7
   892 | D:6      | Found Keari's Weapon Boutique.
   944 | D:6      | Noticed an acid dragon
   949 | D:6      | Splashed by an acid dragon's acid

Vault maps used:
D:1:      elethiomel_arrival_fortress_basement
D:2:      uniq_natasha
D:3:      lemuel_doored_altar, uniq_robin
D:4:      yredelemnul_altar_generic, led_sif_book, serial_shops, shop, shop,
          shop_statue, nicolae_shop_crystal, shop, minmay_crystal_water,
          kennysheep_dice, uniq_blork_the_orc
D:5:      lemuel_temple_firewalk_a, first_bread, uniq_duvessa, uniq_menkaure
D:6:      lemuel_insect_pit, serial_shops,
          nicolae_shop_temple_entry_statues_fountains, minmay_bent,
          uniq_crazy_yiuf_cottage
D:7:      tso_oasis_becter, the_bakery

Skill      XL: |  1  2  3  4  5 |
---------------+----------------+-----
Unarmed Combat | 1 3 4 5 |  5.7
Fighting       | |  1.0
Crossbows      | |  1.0
Armour         | |  1.0
Spellcasting   | |  1.0
Air Magic      | |  3.6
Evocations     | |  2.0

Action                   |  1- 3 |  4- 6 || total
-------------------------+-------+-------++-------
Melee: Unarmed           |       |    25 ||    25
       Headbutt          |       |     5 ||     5
 Fire: Hand crossbow     |    37 |    18 ||    55
  Use: Potion            |     1 |     3 ||     4
       Scroll            |       |     2 ||     2
Armor: Scale mail        |     5 |     8 ||    13
Dodge: Dodged            |     8 |     9 ||    17
